AoeStats
← Shopping bag

Arena

505187816Analyzed
1v1 RM · 23d ago on Sep 8, 2026· 27m 59s· 2 players
Game mode
Random Map
Map size
Tiny (2 player)
Population
200
Speed
Normal
Resources
Standard
Victory
Conquest
Starting age
Dark Age
Ending age
Imperial Age
RankedLock teamsTeams togetherTeam positionsShared explorationLock speedFull tech treeHidden civsTurbo modeCheats
Victory
Defeat
🇨🇳 Magyars · China
942
+14
🇦🇺 Lithuanians · Australia
900
-14
Shopping bag
10:33 Feudal Age
12:57 Wheelbarrow
13:28 Loom
16:15 Castle Age
14:20 Horse Collar
14:28 Double-Bit Axe
17:21 Bow Saw
17:52 Fervor
19:53 Hand Cart
22:22 Heavy Plow
22:13 Town Watch
22:19 Pikeman
23:00 Stone Mining
25:55 Scale Mail Armor
26:06 Forging
26:35 Squires
逆天
10:38 Feudal Age
14:59 Castle Age
13:28 Double-Bit Axe
13:44 Horse Collar
19:00 Loom
24:37 Bow Saw
24:36 Gold Mining
24:36 Stone Mining
24:59 Scale Barding Armor
26:25 Chain Barding Armor
27:16 Wheelbarrow
Connection lost

Rejoining the realm…

Still unreachable

The connection could not be restored.

Session expired

The server has moved on; the page needs a fresh start.